 Dungeon Crawl Stone Soup version 0.19-a0-934-gf1df8d1 (webtiles) character file.

37 sugabear the Ruffian (level 3, -3/32 HPs)
             Began as a Troll Transmuter on July 8, 2016.
             Slain by a gnoll
             ... wielding a +0 halberd
              (10 damage)
             ... on level 2 of the Dungeon.
             The game lasted 00:01:33 (924 turns).

sugabear the Ruffian (Troll Transmuter)              Turns: 924, Time: 00:01:34

Health: -3/32      AC:  5    Str: 18    XL:     3   Next: 23%
Magic:  3/4        EV: 10    Int: 10    God:
Gold:   92         SH:  0    Dex: 10    Spells: 1 memorised, 4 levels left

rFire  . . .     SeeInvis .       - Unarmed
rCold  . . .     Gourm    +     b - +0 robe
rNeg   . . .     Faith    .     (no shield)
rPois  .         Spirit   .     (helmet restricted)
rElec  .         Dismiss  .     (no cloak)
rCorr  .         Reflect  .     (gloves unavailable)
SustAt .         Harm     .     (boots unavailable)
MR     .....                    (no amulet)
Stlth  +.........               (no ring)
                                (no ring)

@: appendage (expiring), not resistant to hostile enchantments, very unstealthy
A: unfitting armour, claws 3, talons 3, fast metabolism 3, gourmand,
regeneration 2, shaggy fur 1, tough skin 2
a: End Transformation


You were on level 2 of the Dungeon.
You were full.
You had grown temporary talons.
You visited 1 branch of the dungeon, and saw 2 of its levels.

You collected 92 gold pieces.

Inventory:

Missiles
 a - 42 arrows
Armour
 b - a +0 robe (worn)
Jewellery
 n - an uncursed amulet of dismissal {unknown}
Scrolls
 e - a scroll of enchant weapon {unknown}
 g - a scroll of fear {unknown}
 i - a scroll of enchant armour {unknown}
 j - a scroll of remove curse {unknown}
Potions
 k - a potion of resistance {unknown}
 l - a potion of heal wounds {unknown}
 o - a potion of cancellation {unknown}
 p - a potion of invisibility {unknown}
 q - a potion of flight {unknown}
Books
 c - a book of Changes

   Spells                             Type                      Level
   a - Beastly Appendage              Transmutation                1
   b - Sticks to Snakes               Transmutation                2
   c - Spider Form                    Transmutation/Poison         3
   d - Ice Form                       Ice/Transmutation            4
   e - Blade Hands                    Transmutation                5
Comestibles
 d - 3 bread rations
 f - a royal jelly
 h - a beef jerky
 m - 4 fruits


   Skills:
 + Level 0.8 Fighting
 + Level 1.7 Dodging
 + Level 3.4 Unarmed Combat
 * Level 1.7 Spellcasting
 * Level 1.6 Transmutations


You had 4 spell levels left.
You knew the following spells:

 Your Spells              Type           Power        Failure   Level  Hunger
a - Beastly Appendage     Tmut           #.....       17%         1    ##.....


Dungeon Overview and Level Annotations

Branches:
Dungeon (2/15)

Altars:


Innate Abilities, Weirdness & Mutations

You are too large for most types of armour.
You have claws for hands.
Your metabolism is lightning-fast.
You like to eat raw meat.
You heal very quickly.
You are covered in fur. (AC +1)
You have very tough skin. (AC +2)
You have claws for feet.


Message History

You claw the hobgoblin!
You kill the hobgoblin!
The gnoll hits you from afar with a halberd.
A bat comes into view.
The gnoll shouts!
The gnoll hits you with a halberd!
You see here a club.
You scratch the gnoll but do no damage. You claw the gnoll!
The gnoll is severely wounded.
Your transformation is almost over.
You closely miss the gnoll.
The gnoll is severely wounded.
The gnoll hits you with a halberd!
A rat comes into view.
You scratch the gnoll but do no damage. You claw the gnoll, but do no damage.
The gnoll is severely wounded.
The gnoll hits you from afar with a halberd!
* * * LOW HITPOINT WARNING * * *
The gnoll hits you with a halberd!
You die...

#...## #.# #.#
#b..# #. #.# #
.##...##### #.# #
......... #.# #
###.#...r #.# #
...b...# #.# #
#.#g#l###.### ##
#####.....gg.....
.## .....?...@#
..#####
######.###
........ #.###
..###### #...#
.## ###.# ## #.#
# #.# #
###########
#.###.#####
..........#
#..........


You could see 2 gnolls, a giant gecko, a hobgoblin, a bat and a rat.

Vanquished Creatures
  A gnoll (D:2)
  3 dart slugs (D:1)
  3 giant cockroaches (D:1)
  3 goblins (D:1)
  3 hobgoblins
  3 bats (D:1)
  A giant newt (D:1)
  3 kobolds (D:1)
  2 rats
22 creatures vanquished.

Notes
Turn   | Place    | Note
-------+----------+-------------------------------------------
     0 | D:1      | sugabear the Troll Transmuter began the quest for the Orb.
     0 | D:1      | Reached XP level 1. HP: 18/18 MP: 1/1
   134 | D:1      | Reached XP level 2. HP: 26/26 MP: 0/3
   689 | D:2      | Reached XP level 3. HP: 22/32 MP: 4/4
   924 | D:2      | Slain by a gnoll

Vault maps used:
D:1:      dpeg_arrival_short_road
D:2:      kennysheep_big_flooded_room, overflow_temple_1_default,
          bh_walls_and_bars

Action                   || total
-------------------------++-------
Melee: Unarmed           ||    61
       Headbutt          ||     1
       Kick              ||     5
       Punch             ||     1
 Cast: Beastly Appendage ||    10
  Eat: Chunk             ||    10
Armor: Robe              ||    33
Dodge: Dodged            ||    31
